 Dungeon Crawl Stone Soup version 0.26.1-11-gd32895ea62 (webtiles) character file.

Game seed: 820063809690304016

52 Jawa73 the Caller (level 3, 0/15 HPs)
             Began as a Felid Summoner on July 8, 2021.
             Succumbed to an adder's poison
             ... on level 2 of the Dungeon.
             The game lasted 00:10:53 (2892 turns).

Jawa73 the Caller (Felid Summoner)                  Turns: 2892, Time: 00:10:55

Health: 0/15       AC:  1    Str:  4    XL:     3   Next: 60%
Magic:  1/7        EV: 18    Int: 17    God:
Gold:   148        SH:  0    Dex: 18    Spells: 1/7 levels left
                                        Lives:  0   Deaths: 0

rFire    . . .     SeeInvis +   (weapon unavailable)
rCold    . . .     Faith    .   (shield unavailable)
rNeg     . . .     Spirit   .   (armour unavailable)
rPois    .         Reflect  .   (helmet unavailable)
rElec    .         Harm     .   (cloak unavailable)
rCorr    .         Rampage  .   (gloves unavailable)
Will     .....                  (boots unavailable)
Stlth    ++++......             (no amulet)
HPRegen  0.05/turn              (no ring)
MPRegen  0.10/turn              (no ring)

@: brilliant, lethally poisoned (0 -> -6), attractive, quick
A: very small, no armour, no weapons or thrown items, stealth, claws 1, fangs 3,
thin skeletal structure 1, see invisible, speed 1, screaming 1, shaggy fur 1,
evolution 1, MP-powered wands, sharp paws
a: no special abilities


You were on level 2 of the Dungeon.
You visited 1 branch of the dungeon, and saw 2 of its levels.

You collected 148 gold pieces.

Inventory:

Wands
 f - a wand of flame (23)
Scrolls
 b - 3 scrolls of magic mapping
 d - 2 scrolls of enchant armour
Potions
 a - a potion of resistance


   Skills:
 * Level 0.4 Fighting
 * Level 3.0 Dodging
 * Level 3.1 Stealth
 * Level 0.5 Unarmed Combat
 * Level 2.6 Spellcasting
 * Level 0.1 Hexes
 * Level 4.5 Summonings


You had one spell level left.
You knew the following spells:

 Your Spells              Type           Power        Failure   Level
a - Summon Small Mammal   Summ           100%         2%          1
b - Call Imp              Summ           26%          4%          2
c - Summon Guardian Gole  Hex/Summ       15%          22%         3

Your spell library contained the following spells:

 Spells                   Type           Power        Failure   Level
 Call Canine Familiar     Summ           26%          9%          3
 Summon Ice Beast         Ice/Summ       14%          56%         4
 Summon Lightning Spire   Summ/Air       14%          56%         4


Dungeon Overview and Level Annotations

Branches:
Dungeon (2/15)

Altars:
Okawaru


Innate Abilities, Weirdness & Mutations

You cannot wear armour.
You are incapable of wielding weapons or throwing items.
Your paws allow you to move quietly. (Stealth)
You have sharp claws.
You have razor-sharp teeth.
You have supernaturally acute eyesight. (SInv)
You cover ground quickly.
You are covered in fur. (AC +1)
Your sharp claws are effective at attacking unaware monsters.
You have a somewhat thin skeletal structure. (Dex +2, Stealth)
You occasionally shout uncontrollably at your foes.
You evolve.
You expend magic power (3 MP) to strengthen your wands.


Message History

* * * LOW HITPOINT WARNING * * *
You feel sick.
Your bat closely misses the giant cockroach.
Your bat hits the giant cockroach but does no damage.
The giant cockroach misses you.
Your bat hits the giant cockroach but does no damage.
Your rat bites the giant cockroach.
Your rat bites the giant cockroach but does no damage.
It was a potion of mutation.
You feel extremely strange.
Your bones become slightly less dense.
You feel your magical essence link to the dungeon's wands.
You feel the urge to shout.
You feel nature experimenting on you.
Don't worry, failures die fast.
Your bat hits the giant cockroach but does no damage.
The giant cockroach closely misses your rat.
Your bat barely misses the giant cockroach.
Your rat bites the giant cockroach but does no damage. x2
Your bat hits the giant cockroach but does no damage.
The giant cockroach bites your rat.
You die...

#.#####.#.# #.#
#.#.........
#.#...#.#.# #.#
#.#....)....
#.#...#.#.# #.#
#....<....
###.#...#.#.# #(#
#.......##..
#.......# #.#
####.#########.##..
#####...# #..rr..#
#.##.. #.....#.#
#..B†..# ..##..
#.......#
#.....b##. ### ..
#.##.####.#
#.@.b...... ..
#.........#
#......##.#
#...........
######## ..
..########## .
.......... #.
..######## #.#
......... #.#.#
..#.###.# #.#.#
..#.# #.#.########
.


You could see a giant cockroach, 2 friendly bats and 2 friendly rats.

Vanquished Creatures
  2 giant cockroaches (D:2)
  2 hobgoblins (D:1)
  2 jackals (D:2)
  A kobold (D:1)
  3 bats (D:1)
  A frilled lizard (D:2)
  5 rats (D:2)
16 creatures vanquished.

Vanquished Creatures (collateral kills)
  2 adders (D:2)
  An ooze (D:2)
  3 dart slugs
  9 goblins
  5 hobgoblins
  3 kobolds
  5 bats
  A frilled lizard (D:1)
  4 rats
33 creatures vanquished.

Vanquished Creatures (others)
  A kobold (D:2)
1 creature vanquished.

Grand Total: 50 creatures vanquished

Notes
Turn   | Place    | Note
-------+----------+-------------------------------------------
     0 | D:1      | Jawa73 the Felid Summoner began the quest for the Orb.
     0 | D:1      | Reached XP level 1. HP: 7/7 MP: 4/4
   442 | D:1      | Reached XP level 2. HP: 10/11 MP: 4/6
  1018 | D:1      | Learned a level 2 spell: Call Imp
  1792 | D:2      | Reached XP level 3. HP: 14/14 MP: 1/7
  1796 | D:2      | Learned a level 3 spell: Summon Guardian Golem
  2437 | D:2      | Found an iron altar of Okawaru.
  2890 | D:2      | Gained mutation: You have a somewhat thin skeletal
                  | structure. (Dex +2, Stealth) [potion of mutation]
  2890 | D:2      | Gained mutation: You expend magic power (3 MP) to
                  | strengthen your wands. [potion of mutation]
  2890 | D:2      | Gained mutation: You occasionally shout uncontrollably at
                  | your foes. [potion of mutation]
  2890 | D:2      | Gained mutation: You evolve. [potion of mutation]
  2892 | D:2      | Succumbed to an adder's poison

Illustrated notes

Levels and vault maps discovered:
D:1:      grunt_arrival_lava_bath, layout_basic, minmay_statues_item,
          minmay_pentomino_o4
D:2:      layout_basic, okawaru_trees_2

Skill      XL: |  1  2  3 |
---------------+----------+-----
Stealth        | 3 |  3.1
Dodging        | 3 |  3.0
Fighting       | |  0.4
Unarmed Combat | |  0.5
Spellcasting   | |  2.6
Hexes          | |  0.1
Summonings     | |  4.5

Action                   || total
-------------------------++-------
Melee: Unarmed           ||    65
       Bite              ||     6
       Punch             ||     1
 Cast: Summon Small Mamm ||    51
       Call Imp          ||    16
  Use: Scroll            ||     5
       Potion            ||     3
 Stab: Sleeping          ||     3
Armor: Skin              ||     6
Dodge: Dodged            ||    97
